Map: Crête de Lerilak

Players

zidar

  • Race: Zerg Zerg
  • League: Silver
  • Spawn Location: 1:00

RUS - Winner!

  • Race: Terran Terran
  • League: Gold
  • Spawn Location: 7:00

VOD

Have the link to the VOD?

Description

Time

  • Played on: Jan. 10, 2016, 9:04 a.m.
  • Length: 17:19
Show
View Real Time Build Order
Export as new Build Order

zidar Zerg 

Build Orders: Pool First 

Get SALT Encoding   

  12  0:02  Drone  
  13  0:12  Overlord  
  13  0:19  Drone  
  14  0:30  Drone x2  
  14  0:34  Drone  
  17  0:49  Spawning Pool  
  16  0:52  Drone  
  17  1:06  Drone  
  18  1:23  Drone  
  18  1:24  Drone  
  20  1:28  Hatchery  
  20  1:32  Extractor  
  18  1:33  Overlord  
  18  1:43  Queen  
  20  1:51  Zergling x4  
  22  2:03  Zergling x2  
  23  2:18  Drone  
  24  2:24  Queen  
  26  2:30  Drone  
  27  2:38  Drone  
  27  2:57  Metabolic Boost  
  26  3:18  Drone x4  
  26  3:19  Drone x2  
  32  3:34  Queen  
  34  3:47  Drone  
  35  3:49  Overlord, Hatchery, Drone  
  35  3:50  Overlord  
  35  4:13  Zergling x12  
  41  4:37  Drone  
  41  4:38  Drone  
  43  4:43  Overlord x3  
  43  5:03  Roach Warren  
  43  5:05  Extractor  
  41  5:11  Drone x2  
  41  5:12  Drone  
  44  5:14  Drone  
  44  5:15  Drone x7  
  52  5:32  Zergling x2  
  52  5:33  Zergling x8  
  56  6:08  Roach x8  
  72  6:12  Overlord x2  
  72  6:13  Overlord  
  72  6:14  Overlord  
  70  6:33  Ravager  
  70  6:34  Ravager x3  
  70  6:35  Ravager  
  75  6:43  Lair, Evolution Chamber  
  52  7:01  Roach x4  
  43  7:02  Roach x6  
  43  7:03  Zergling x8  
  43  7:04  Zergling x10  
  60  7:40  Hatchery  
  59  7:49  Queen  
  61  8:07  Drone  
  61  8:08  Extractor x2, Drone x2  
  61  8:10  Drone  
  61  8:11  Drone  
  64  8:20  Roach x3  
  64  8:21  Roach x7  
  84  8:28  Evolution Chamber  
  84  8:29  Zerg Ground Armor Level 1  
  83  8:50  Hatchery  
  82  9:02  Drone x7  
  89  9:03  Drone  
  89  9:06  Overlord x3  
  89  9:07  Overlord x2  
  90  9:14  Zerg Melee Weapons Level 1  
  90  9:19  Infestation Pit  
  89  9:30  Roach x2  
  93  9:33  Ravager  
  93  9:34  Ravager x6  
  100  9:41  Drone x8  
  108  9:47  Extractor  
  108  9:50  Extractor  
  106  9:56  Hive  
  106  10:09  Roach  
  106  10:10  Roach  
  57  10:48  Roach x9  
  57  10:49  Roach x6  
  87  11:04  Queen  
  87  11:08  Roach x5  
  87  11:09  Roach x3  
  87  11:11  Ravager x3  
  108  11:38  Zerg Ground Armor Level 2  
  108  11:45  Zerg Melee Weapons Level 2  
  108  11:56  Drone x3  
  111  12:12  Zergling x2  
  111  12:13  Zergling x28  
  126  12:18  Adrenal Glands  
  126  12:27  Ultralisk Cavern  
  125  12:39  Pneumatized Carapace  
  125  12:46  Zergling x2  
  125  12:47  Zergling x20  
  136  13:02  Extractor  
  136  13:03  Extractor  
  134  13:18  Overlord x3  
  134  13:19  Overlord  
  134  13:24  Chitinous Plating  
  134  13:45  Ultralisk x3  
  152  14:20  Ultralisk x2  
  85  14:47  Zergling x2  
  85  14:48  Zergling x44  
  85  14:49  Zergling x6  
  39  15:36  Ultralisk  
  39  15:37  Ultralisk x2  
  39  15:41  Zergling x2  
  39  15:42  Zergling x22  
  51  16:09  Ultralisk  
  57  16:15  Queen  
  59  16:20  Zergling x2  
  59  16:21  Zergling x20  
  60  17:01  Drone  
  60  17:02  Drone  
  60  17:03  Drone  
Show
View Real Time Build Order
Export as new Build Order

RUS Terran - Winner!

Build Orders: Command Center First (CC) 

Get SALT Encoding   

  12  0:03  SCV  
  13  0:18  Supply Depot  
  13  0:30  SCV  
  14  0:43  SCV  
  15  0:55  SCV  
  16  1:07  SCV  
  17  1:18  Command Center  
  17  1:19  SCV  
  18  1:31  Barracks  
  18  1:33  Barracks  
  18  1:38  Refinery  
  18  1:40  SCV  
  19  1:56  Barracks  
  19  2:02  SCV  
  20  2:14  SCV  
  21  2:18  Barracks  
  21  2:26  SCV  
  22  2:30  Supply Depot  
  22  2:31  Marine  
  22  2:32  Marine  
  24  2:41  SCV x2  
  26  2:53  Marine x3  
  29  2:59  Supply Depot  
  29  3:09  Marine  
  30  3:18  Supply Depot  
  30  3:25  Orbital Command  
  30  3:27  Orbital Command  
  30  3:37  Barracks Tech Lab  
  30  3:39  Marine x2  
  30  3:40  Marine  
  33  3:57  Marine x3  
  36  4:04  Marine  
  36  4:06  SCV x2  
  39  4:18  SCV x2  
  41  4:26  Factory, Stimpack  
  41  4:27  Marine x2, Factory  
  41  4:28  Marine x2  
  45  4:40  SCV x2  
  45  4:45  Marine x2  
  47  4:46  Marine x2  
  47  4:52  SCV x2  
  53  5:03  Marine x3  
  53  5:04  Marine, SCV x2  
  59  5:11  Factory  
  59  5:16  SCV x2  
  59  5:17  Supply Depot  
  59  5:18  Supply Depot  
  61  5:22  Marine, Supply Depot  
  62  5:38  Marine x2, SCV x2, Supply Depot  
  62  5:39  Marine, Supply Depot, Hellion x2  
  62  5:40  Marine  
  72  5:50  SCV x2  
  72  5:55  Factory Reactor  
  74  6:00  Hellion x2  
  78  6:09  Marine x2  
  78  6:10  Marine x2  
  82  6:23  Factory Tech Lab  
  82  6:24  Factory Reactor  
  82  6:26  SCV  
  82  6:27  Marine x3  
  82  6:28  Marine  
  87  6:39  Command Center  
  87  6:45  Command Center  
  75  7:00  Barracks Reactor  
  75  7:01  Barracks Reactor x2  
  72  7:02  Marauder  
  74  7:12  SCV  
  74  7:13  SCV  
  76  7:17  Combat Shield  
  75  7:24  Marauder  
  75  7:25  SCV x2  
  66  7:32  Refinery  
  66  7:36  Refinery  
  66  7:37  Refinery, SCV x2  
  62  7:38  Marine x2  
  62  7:39  Marine x4  
  62  7:42  Hellion x4  
  62  7:43  Hellion  
  79  7:49  SCV x2  
  81  7:56  SCV  
  81  7:57  SCV  
  83  8:01  Refinery, SCV x2  
  83  8:02  Marine x5  
  83  8:03  Marauder, Hellion  
  83  8:04  Marine  
  95  8:06  Hellion x3  
  95  8:07  Hellion  
  95  8:08  SCV, Infernal Pre-Igniter  
  95  8:09  SCV  
  105  8:16  SCV x2  
  107  8:25  Hellion  
  109  8:27  Marine  
  109  8:28  Marine x5  
  109  8:29  Marine  
  109  8:33  Hellion x2  
  109  8:34  Hellion x2  
  124  8:37  SCV  
  124  8:38  SCV x3  
  128  8:45  Armory  
  128  8:49  SCV, Engineering Bay  
  128  8:50  SCV x2, Engineering Bay  
  128  8:52  Marine  
  132  9:15  Supply Depot  
  132  9:16  Supply Depot  
  132  9:17  Supply Depot  
  132  9:19  Supply Depot  
  132  9:20  Supply Depot  
  132  9:21  Supply Depot, Orbital Command  
  132  9:22  Orbital Command  
  132  9:29  Refinery  
  132  9:36  Marine x4, SCV x2  
  132  9:37  Marine, Marauder, Supply Depot  
  132  9:38  Siege Tank  
  144  9:39  Supply Depot  
  144  9:46  Supply Depot  
  144  9:49  SCV x2  
  144  9:52  Marine  
  147  9:55  Hellbat  
  147  9:56  Hellbat x3  
  147  9:58  Marauder  
  157  10:08  Marine x2  
  157  10:09  Marine x4  
  157  10:10  Siege Tank  
  164  10:17  Hellbat x2  
  152  10:28  Hellbat  
  129  10:29  Marine x2, Hellbat  
  129  10:30  Marine x3  
  129  10:31  Marauder  
  129  10:32  Marine  
  125  10:42  Barracks x2  
  115  10:46  Barracks  
  115  10:47  Marine, Barracks  
  116  10:52  Marauder  
  116  10:55  Terran Infantry Weapons Level 1  
  116  10:56  Terran Vehicle Weapons Level 1, Terran Infantry Armor Level 1  
  118  10:57  Marine x2  
  118  10:58  Marine x2  
  118  10:59  Marine  
  118  11:00  Barracks, SCV  
  118  11:01  SCV x3  
  127  11:10  Marine  
  128  11:13  Hellbat x3, SCV  
  128  11:14  Marauder, Hellbat, Siege Tank  
  142  11:39  Starport  
  142  11:40  Starport  
  142  11:46  Barracks Tech Lab x2, Starport  
  142  11:47  Barracks Tech Lab x3, Siege Tank  
  145  12:06  Marauder x3  
  145  12:07  Marauder  
  145  12:08  Marauder  
  155  12:10  Marine  
  155  12:11  Marine x3  
  155  12:12  Marine  
  160  12:19  Siege Tank  
  163  12:23  Starport Reactor  
  163  12:24  Starport Reactor  
  163  12:27  Starport Tech Lab  
  163  12:35  Marauder x2  
  163  12:36  Marauder x2  
  163  12:37  Marauder  
  173  12:38  Marine x2  
  173  12:39  Marine  
  173  12:40  Marauder  
  178  12:51  Siege Tank  
  181  12:56  Raven  
  183  13:01  Medivac x3  
  183  13:02  Medivac  
  191  13:09  Terran Infantry Weapons Level 2, Terran Infantry Armor Level 2  
  191  13:10  Terran Vehicle Weapons Level 2  
  191  13:13  Factory Tech Lab  
  191  13:20  Factory Tech Lab  
  191  13:37  Medivac  
  191  13:38  Medivac x2  
  191  13:39  Medivac  
  178  14:40  Marauder x4  
  178  14:41  Marauder x2  
  167  14:46  Siege Tank x3  
  169  15:01  Marauder x2  
  169  15:02  Marauder x4  
  181  15:18  Siege Tank  
  169  15:23  Marauder x5  
  150  15:38  Marauder  
  150  15:44  Marauder x2  
  154  15:59  Siege Tank x2  
  154  16:00  Siege Tank  
  154  16:03  Marauder x3  
  154  16:04  Marine x3, Marauder  
  171  16:05  Marine x4  
  171  16:06  Marine  
  179  16:22  Marine  
  180  16:31  Siege Tank  
  180  16:32  Siege Tank  
  187  16:46  Marauder x2  
  195  16:47  Marauder x4  
  195  16:48  Marine  
  195  16:52  Refinery  
Tags
 
Add a new tag
Caveats
  • Supply blocks, unpowered buildings, or Contaminate may cause inaccurate times.
  • Supply counts are checked every 10 seconds.